 Dungeon Crawl Stone Soup version 0.19.4-10-g532645f (webtiles) character file.

382 galech the Skirmisher (level 6, -6/40 HPs)
             Began as a Gargoyle Fighter on Feb 23, 2017.
             Mangled by a gnoll
             ... wielding a +0 halberd
              (11 damage)
             ... on level 4 of the Dungeon.
             The game lasted 00:05:29 (2851 turns).

galech the Skirmisher (Gargoyle Fighter)            Turns: 2851, Time: 00:05:30

Health: -6/40      AC: 11    Str: 22    XL:     6   Next: 76%
Magic:  6/6        EV:  9    Int:  8    God:
Gold:   96         SH:  9    Dex:  9    Spells: 0 memorised, 5 levels left

rFire  x . .     SeeInvis .     a - +0 flail
rCold  + . .     Gourm    .     b - +0 scale mail
rNeg   + . .     Faith    .     c - +0 shield
rPois  ∞         Spirit   .     (no helmet)
rElec  +         Reflect  .     (no cloak)
rCorr  .         Harm     .     (no gloves)
MR     .....                    (no boots)
Stlth  ..........               (no amulet)
                                o - ring of ice
                                k - +2 ring of evasion

@: no status effects
A: negative energy resistance 1, electricity resistance, unbreathing,
petrification resistance, rot immunity, AC +4
a: no special abilities


You were on level 4 of the Dungeon.
You were not hungry.

You visited 1 branch of the dungeon, and saw 4 of its levels.

You collected 96 gold pieces.

Inventory:

Hand Weapons
 a - a +0 flail (weapon)
Armour
 b - a +0 scale mail (worn)
 c - a +0 shield (worn)
Jewellery
 k - a +2 ring of evasion (left hand)
 o - a ring of ice (right hand)
Scrolls
 e - a scroll of amnesia
 g - 2 scrolls of remove curse
 i - 5 scrolls of identify
 j - 2 scrolls of recharging
 s - a scroll of teleportation {unknown}
 t - a scroll of immolation {unknown}
Potions
 d - a potion of might
 h - 4 potions of curing {unknown}
 m - a potion of magic {unknown}
 n - a potion of degeneration {unknown}
 r - a potion of lignification {unknown}
Comestibles
 f - 3 bread rations
 l - 7 chunks of flesh
 p - a meat ration
 q - a beef jerky


   Skills:
 + Level 5.2 Fighting
 + Level 3.7 Maces & Flails
 + Level 5.0 Armour
 + Level 4.6 Shields


You had 5 spell levels left.
You didn't know any spells.

Dungeon Overview and Level Annotations

Branches:
Dungeon (4/15)
 Temple: D:4-7

Altars:
Dithmenos
Sif Muna
Vehumet


Innate Abilities, Weirdness & Mutations

You are resistant to torment.
Your stone body is resilient. (AC +4)
You are immune to poison.
You resist negative energy. (rN+)
You are resistant to electric shocks. (rElec)
You can survive without breathing.
You are immune to petrification.
You are immune to rotting.


Message History

The gnoll hits you with a halberd. The gnoll closely misses you.
You hit the gnoll but do no damage.
The gnoll is heavily wounded.
The gnoll hits you from afar with a halberd!
* * * LOW HITPOINT WARNING * * *
The gnoll barely misses you. You block the gnoll's attack.
You are too injured to fight recklessly!
You are too injured to fight recklessly!
You are too injured to fight recklessly!
You are too injured to fight recklessly!
You are too injured to fight recklessly!
You are too injured to fight recklessly!
You are too injured to fight recklessly!
You are too injured to fight recklessly!
You are too injured to fight recklessly!
You are too injured to fight recklessly!
Unknown command.
The gnoll hits you but does no damage.
The gnoll hits you from afar with a halberd!
You die...

#<.# ##.....###.###.#..
#. #......#...#..#.. #.
#........_....... ..
#......#...#..... ...
#.....###.###.... ....
#......#...#..... .....
##...).........[. #
......####†....####......
...
.....hg)@.............P..
≈≈≈
≈....gg≈)≈≈≈≈≈≈≈≈≈≈≈≈≈≈≈.
≈≈≈
≈....g≈≈≈≈≈≈≈≈≈≈≈≈≈≈≈≈≈≈.
≈≈≈
≈....≈≈≈≈≈≈≈≈≈≈≈≈#####≈≈.
... ...........!.....#
g#≈≈. ###
#''''############# #≈≈.
#..!. ##≈≈P #.... .≈≈≈.
.≈≈≈.


You could see 4 gnolls and a jackal.

Vanquished Creatures
  A wyvern skeleton (D:4)
  2 hounds
  Jessica (D:2)
  3 worker ants (D:4)
  5 gnolls (D:4)
  A howler monkey skeleton (D:4)
  4 adders
  An ooze (D:2)
  A worm (D:3)
  2 dart slugs
  A leopard gecko (D:1)
  7 orcs
  5 bats
  3 giant cockroaches
  2 goblins
  5 hobgoblins
  15 jackals
  A quokka (D:2)
  3 frilled lizards (D:2)
  5 kobolds (D:2)
  A rat (D:3)
69 creatures vanquished.

Notes
Turn   | Place    | Note
-------+----------+-------------------------------------------
     0 | D:1      | galech the Gargoyle Fighter began the quest for the Orb.
     0 | D:1      | Reached XP level 1. HP: 14/14 MP: 1/1
   241 | D:1      | Reached XP level 2. HP: 19/19 MP: 2/2
   667 | D:2      | Noticed Jessica
   677 | D:2      | Killed Jessica
   677 | D:2      | Reached XP level 3. HP: 5/24 MP: 3/3
  1012 | D:2      | Reached XP level 4. HP: 29/29 MP: 4/4
  1710 | D:3      | Reached XP level 5. HP: 18/34 MP: 5/5
  2079 | D:3      | Found a deep blue altar of Sif Muna.
  2240 | D:4      | Reached XP level 6. HP: 13/40 MP: 6/6
  2502 | D:4      | Reached skill level 5 in Fighting
  2762 | D:4      | Found a shadowy altar of Dithmenos.
  2805 | D:4      | Found a radiant altar of Vehumet.
  2823 | D:4      | Reached skill level 5 in Armour
  2851 | D:4      | Mangled by a gnoll

Skill      XL: |  1  2  3  4  5  6 |
---------------+-------------------+-----
Fighting       | 4 5 |  5.2
Armour         | 4 5 |  5.0
Maces & Flails | 3 |  3.7
Shields        | 4 |  4.6

Action                   |  1- 3 |  4- 6 || total
-------------------------+-------+-------++-------
Melee: Flail             |    49 |   266 ||   315
  Use: Scroll            |       |     8 ||     8
  Eat: Chunk             |       |     7 ||     7
Armor: Scale mail        |    21 |   157 ||   178
Dodge: Dodged            |    14 |   118 ||   132
Block: Shield            |    19 |   184 ||   203
